 Dungeon Crawl Stone Soup version 0.30-a0-23-ge60ba3568b (webtiles) character file.

Game seed: 16909477551038587165

317 porpoise the Poker (level 6, 0/51 HPs)
             Began as a Merfolk Gladiator on Aug 25, 2022.
             Killed from afar by an orc wizard (3 damage)
             ... with a magic dart
             ... on level 3 of the Dungeon.
             The game lasted 00:06:33 (2274 turns).

porpoise the Poker (Merfolk Gladiator)              Turns: 2274, Time: 00:06:34

Health: 0/51       AC:  5    Str: 14 (16) XL:     6   Next: 44%
Magic:  6/6        EV: 13    Int:  6 (8)  God:
Gold:   101        SH:  0    Dex: 14 (15) Spells: 5/5 levels left

rFire   . . .      SeeInvis .    a - +0 trident
rCold   . . .      Faith    .    (no shield)
rNeg    . . .      Spirit   .    n - +0 leather armour
rPois   .          Reflect  .    c - +0 helmet
rElec   .          Harm     .    t - +0 cloak
rCorr   +          Rampage  .    (no gloves)
Will    .....                    (no boots)
Stlth   +.........               (no amulet)
HPRegen 0.17/turn                q - ring of resist corrosion
MPRegen 0.10/turn                (no ring)

@: no status effects
A: (nimble swimmer 2), mertail
a: no special abilities


You were on level 3 of the Dungeon.
You visited 1 branch of the dungeon, and saw 3 of its levels.

You collected 101 gold pieces.

Inventory:

Hand Weapons
 a - a +0 trident (weapon)
 b - a +0 sling
Missiles
 e - 6 javelins (quivered)
Armour
 c - a +0 helmet (worn)
 n - a +0 leather armour (worn)
 t - a +0 cloak (worn)
Jewellery
 q - a ring of resist corrosion (left hand)
Scrolls
 f - a scroll of immolation {unknown}
 j - a scroll of teleportation {unknown}
 k - a scroll of blinking {unknown}
 l - a scroll of magic mapping {unknown}
 p - a scroll of identify {unknown}
 s - a scroll of noise {unknown}
 u - a scroll of vulnerability {unknown}
Potions
 g - 2 potions of ambrosia {unknown}
 h - a potion of curing {unknown}
 i - a potion of brilliance {unknown}
 m - a potion of degeneration
 o - a potion of mutation {unknown}
 r - a potion of invisibility {unknown}


   Skills:
 + Level 5.3 Fighting
 + Level 7.1 Polearms
 - Level 2.0 Throwing
 - Level 4.0 Dodging


You had 5 spell levels left.
You didn't know any spells.
Your spell library was empty.

Dungeon Overview and Level Annotations

Branches:
Dungeon (3/15)

Altars:
Ru
Zin


Innate Abilities, Weirdness & Mutations

((You are very nimble when in or above water. (Stealth+, EV+, Speed+++)))
Your lower body shifts to a powerful aquatic tail in water.


Message History

You kill the orc priest!
The orc barely misses you.
You puncture the orc!
You kill the orc!
The goblin hits you but does no damage.
The goblin shoots a sling bullet.
The sling bullet barely misses you.
You hit the goblin.
The goblin is heavily wounded.
The goblin hits you but does no damage.
The goblin unwields a +0 sling.
The goblin wields a +0 club.
The goblin hits the bush but does no damage.
You hit the orc wizard but do no damage.
The orc wizard barely misses you. The goblin hits you but does no damage.
You closely miss the orc wizard. Your punch misses the orc wizard.
The goblin hits the bush but does no damage.
The orc wizard hits you with a +0 dagger.
* * * LOW HITPOINT WARNING * * *
The goblin hits you but does no damage.
You hit the orc wizard but do no damage.
The goblin hits the bush with a +0 club.
The orc wizard casts a spell.
The orc wizard flickers and vanishes!
Deactivating autopickup; reactivate with Ctrl-A.
The goblin completely misses you.
You hit something.
The goblin unwields a +0 club.
The goblin wields a +0 sling.
The goblin shoots a sling bullet.
Something hits you.
* * * LOW HITPOINT WARNING * * *
The goblin hits you but does no damage.
You closely miss something.
The goblin shoots a sling bullet.
Something hits you but does no damage. The goblin hits you with a +0 dagger.
* * * LOW HITPOINT WARNING * * *
It was a potion of degeneration.
There was something very wrong with that liquid.
You feel weakened.
You feel dopey.
You feel clumsy.
The goblin shoots a sling bullet.
The sling bullet hits you.
* * * LOW HITPOINT WARNING * * *
You hear some strange, mumbled words.
A magic dart appears from out of thin air!
The magic dart hits you.
You die...

...#...#####.#####...#
#.#.......#.#...#####
#...####......###
♣..........###
♣...###....#
♣.....♣♣♣♣♣♣♣♣
♣....♣♣♣.Pg..♣##
♣......♣.g{♣...#
♣...#♣P..♣@♣♣♣..g.♣
♣##..♣♣♣♣♣♣♣ .o..♣ ##.
....♣ # ##.g♣ .o♣ ..
...


You could see 2 goblins.

Vanquished Creatures
  An ice beast (D:3)
  An ogre (D:2)
  An orc priest (D:3)
  6 adders
  2 worms
  3 dart slugs
  An orc (D:3)
  5 endoplasms
  2 giant cockroaches
  A goblin (D:2)
  4 hobgoblins
  4 quokkas
  9 ball pythons
  3 bats
  A frilled lizard (D:2)
  A kobold (D:2)
  3 rats
48 creatures vanquished.

Vanquished Creatures (others)
  6 plants
6 creatures vanquished.

Grand Total: 54 creatures vanquished

Notes
Turn   | Place    | Note
-------+----------+-------------------------------------------
     0 | D:1      | porpoise the Merfolk Gladiator began the quest for the Orb.
     0 | D:1      | Reached XP level 1. HP: 16/16 MP: 1/1
   153 | D:1      | Found a faded altar of an unknown god.
   228 | D:1      | Reached XP level 2. HP: 16/23 MP: 2/2
  1003 | D:2      | Reached XP level 3. HP: 29/29 MP: 3/3
  1036 | D:2      | Reached skill level 5 in Polearms
  1285 | D:2      | Found a sacrificial altar of Ru.
  1330 | D:2      | Noticed an ogre
  1360 | D:2      | Killed an ogre
  1361 | D:2      | Reached skill level 6 in Polearms
  1361 | D:2      | Reached XP level 4. HP: 38/38 MP: 4/4
  1361 | D:2      | Reached XP level 5. HP: 43/43 MP: 5/5
  1986 | D:3      | Found a glowing silver altar of Zin.
  2013 | D:3      | Noticed an ice beast
  2038 | D:3      | Killed an ice beast
  2039 | D:3      | Reached skill level 5 in Fighting
  2039 | D:3      | Reached skill level 7 in Polearms
  2039 | D:3      | Reached XP level 6. HP: 17/51 MP: 6/6
  2274 | D:3      | Killed from afar by an orc wizard

Illustrated notes

Levels and vault maps discovered:
D:1:      dpeg_arrival_simpleton_c, layout_basic,
          shapermc_ecumenical_altar_pompeii, serial_bayou_lagoon_a
D:2:      layout_basic, basic_altar, minmay_shallow_snake_nest
D:3:      layout_rooms, zin_scriptorium, serial_forest, infiniplex_forest_end_1,
          infiniplex_forest_straight_5, infiniplex_forest_pool,
          infiniplex_forest_lined_3_way, infiniplex_forest_zigzag_1,
          infiniplex_forest_zigzag_1, infiniplex_forest_clump_tiny, uniq_robin

Skill      XL: |  1  2  3  4  5 |
---------------+----------------+-----
Fighting       | 3 4 5 |  5.3
Polearms       | 6 7 |  7.1
Throwing       | |  2.0
Dodging        | |  4.0

Action                   |  1- 3 |  4- 6 || total
-------------------------+-------+-------++-------
Melee: Trident           |    72 |   100 ||   172
       Punch             |       |     3 ||     3
Throw: Throwing net      |     2 |     1 ||     3
       Javelin           |     1 |       ||     1
  Use: Potion            |       |     1 ||     1
 Stab: Sleeping          |     2 |     1 ||     3
       Held in net/web   |     4 |     1 ||     5
       Distracted        |       |     1 ||     1
Armor: Leather armour    |     6 |    26 ||    32
Dodge: Dodged            |    32 |    44 ||    76

Table legend: (Time is in decaauts)
 A = Elapsed time spent in this place.
 B = Non-inter-level travel time spent in this place.
 C = Inter-level travel time spent in this place.
 D = Time resting spent in this place.
 E = Time spent auto-exploring this place.
 F = Levels seen in this place.
 G = Mean time per level.
                   A        B        C        D        E       F      G
               +--------+--------+--------+--------+--------+-----+--------+
         Total |   2267 |   2173 |     94 |    676 |   1084 |   3 |  755.7 |
       Dungeon |   2267 |   2173 |     94 |    676 |   1084 |   3 |  755.7 |
               +--------+--------+--------+--------+--------+-----+--------+

Top non-repeatable levels by time:
     D:1: 1011 daAuts
     D:2: 916 daAuts
     D:3: 338 daAuts
